 Dungeon Crawl Stone Soup version 0.27-a0-1154-gfdeffcb720 (webtiles) character file.

Game seed: 2983390190913497568

116 senseless the Ruffian (level 5, -3/46 HPs)
             Began as a Ghoul Monk on May 14, 2021.
             Slain by an ogre
             ... wielding a +0 giant club
              (21 damage)
             ... on level 4 of the Dungeon.
             The game lasted 00:07:58 (3264 turns).

senseless the Ruffian (Ghoul Monk)                  Turns: 3264, Time: 00:07:58

Health: -3/46      AC:  3    Str: 16    XL:     5   Next: 1%
Magic:  4/4        EV: 12    Int:  5    God:
Gold:   191        SH:  0    Dex: 11    Spells: 4/4 levels left

rFire    . . .     SeeInvis .     - Unarmed
rCold    + . .     Faith    .   (no shield)
rNeg     + + +     Spirit   .   a - +0 robe
rPois    ∞         Reflect  .   (no helmet)
rElec    .         Harm     .   (no cloak)
rCorr    .         Rampage  .   (no gloves)
Will     .....                  m - +0 pair of boots
Stlth    ++........             (no amulet)
HPRegen  0.00/turn              (no ring)
MPRegen  0.09/turn              (no ring)

@: no status effects
A: claws 1, cold resistance 1, negative energy resistance 3, inhibited
regeneration, torment resistance 2
a: no special abilities


You were on level 4 of the Dungeon.
You visited 1 branch of the dungeon, and saw 4 of its levels.

You collected 191 gold pieces.

Inventory:

Hand Weapons
 b - a +4 dagger
Missiles
 e - 3 curare-tipped darts
 f - 4 boomerangs (quivered)
Armour
 a - a +0 robe (worn)
 m - a +0 pair of boots (worn)
Magical Staves
 o - a staff of conjuration
Jewellery
 k - a ring of magical power
Scrolls
 d - a scroll of fog
Potions
 c - a potion of flight {unknown}
 g - 2 potions of resistance {unknown}
 j - 3 potions of curing
 l - a potion of attraction {unknown}


   Skills:
 + Level 3.6 Fighting
 + Level 1.6 Throwing
 + Level 3.3 Dodging
 + Level 3.1 Stealth
 + Level 4.2 Unarmed Combat


You had 4 spell levels left.
You didn't know any spells.
Your spell library contained the following spells:

 Spells                   Type           Power      Damage    Failure   Level
 Summon Small Mammal      Summ           0%         N/A       47%         1
 Call Imp                 Summ           0%         N/A       63%         2
 Call Canine Familiar     Summ           0%         N/A       85%         3
 Summon Guardian Golem    Hex/Summ       0%         N/A       85%         3
 Animate Dead             Necr           0%         N/A       99%         4
 Summon Ice Beast         Ice/Summ       0%         N/A       99%         4
 Summon Lightning Spire   Summ/Air       0%         N/A       99%         4
 Borgnjor's Vile Clutch   Necr/Erth      0%         N/A       100%        5
 Death Channel            Necr           0%         N/A       100%        6
 Simulacrum               Ice/Necr       0%         N/A       100%        6


Dungeon Overview and Level Annotations

Branches:
Dungeon (4/15)
 Temple: D:4-7

Altars:
Sif Muna


Innate Abilities, Weirdness & Mutations

You thrive by killing the living.
You are immune to poison.
You have sharp fingernails.
Your flesh is cold resistant. (rC+)
You are immune to negative energy. (rN+++)
You do not regenerate when monsters are visible.
You are immune to unholy pain and torment.


Message History

You throw a boomerang.
The boomerang barely misses the endoplasm.
You throw a boomerang.
The boomerang barely misses the endoplasm.
You scratch the endoplasm.
You kill the endoplasm!
You pick up a book of Callings and begin reading...
You add the spells Summon Small Mammal, Call Imp, Call Canine Familiar, Summon Guardian Golem, Summon Lightning Spire and Summon Ice Beast to your library.
There is an open door here.
There is an open door here.
There is an open door here.
There is an open door here.
You open the door.
There is an open door here.
An ogre comes into view. It is wielding a +0 giant club.
You throw a boomerang. The boomerang hits the ogre.
The ogre shouts!
The ogre is lightly wounded.
You throw a boomerang. The boomerang barely misses the ogre.
You throw a boomerang. The boomerang hits the ogre.
The ogre is heavily wounded.
You scratch the ogre but do no damage.
The ogre is heavily wounded.
The ogre hits you with a +0 giant club!!
Ouch! That really hurt!
You barely miss the ogre. Your claw misses the ogre.
The ogre is heavily wounded.
The ogre closely misses you.
You closely miss the ogre.
The ogre is moderately wounded.
The ogre closely misses you.
You scratch the ogre but do no damage.
The ogre is moderately wounded.
You scratch the ogre but do no damage.
The ogre is moderately wounded.
The ogre misses you.
You scratch the ogre.
The ogre is heavily wounded.
The ogre hits you with a +0 giant club!!
You die...

#...'...#....#.............#...#.
#...#..####'##).......†)...#####.
#...####..............[<.......†.
###.# #......######'###'##......
### #......'....#...#..#......
#......#....#...#..#......
#......#....#...#..#......
#......##..######..######.
###+#####@.# #..# +.
......O........... #.
..................
###..########## #.. +. #


You could see an ogre.

Vanquished Creatures
  An orc wizard (D:4)
  3 adders
  A dart slug (D:2)
  3 orcs
  4 ball pythons
  5 endoplasms
  5 goblins
  6 hobgoblins
  4 jackals (D:2)
  7 quokkas
  4 frilled lizards
  9 kobolds
  2 rats (D:2)
54 creatures vanquished.

Notes
Turn   | Place    | Note
-------+----------+-------------------------------------------
     0 | D:1      | senseless the Ghoul Monk began the quest for the Orb.
     0 | D:1      | Reached XP level 1. HP: 19/19 MP: 0/0
   410 | D:1      | Reached XP level 2. HP: 23/26 MP: 1/1
   774 | D:1      | Found a faded altar of an unknown god.
  1304 | D:2      | Reached XP level 3. HP: 31/31 MP: 2/2
  1606 | D:2      | Reached skill level 4 in Unarmed Combat
  1679 | D:2      | Reached XP level 4. HP: 39/39 MP: 3/3
  2527 | D:3      | Found a shimmering blue altar of Sif Muna.
  2838 | D:4      | Reached skill level 1 in Throwing
  3202 | D:4      | Reached XP level 5. HP: 46/46 MP: 4/4
  3255 | D:4      | Noticed an ogre
  3264 | D:4      | Slain by an ogre

Illustrated notes

Levels and vault maps discovered:
D:1:      dpeg_arrival_rooms_a, layout_loops_ring,
          hellmonk_ecumenical_altar_lost_god, serial_forest,
          infiniplex_forest_straight_5, infiniplex_forest_clump_curved,
          infiniplex_forest_clump_small, infiniplex_forest_end_2
D:2:      layout_basic, minmay_split_cup_large
D:3:      layout_loops_ring, nicolae_overflow_hidden_temple, eino_tiny_chamber
D:4:      layout_gridville

Skill      XL: |  1  2  3  4 |
---------------+-------------+-----
Dodging        | 3 |  3.3
Unarmed Combat | 4 |  4.2
Stealth        | 3 |  3.1
Throwing       | 1 |  1.6
Fighting       | |  3.6

Action                   |  1- 3 |  4- 6 || total
-------------------------+-------+-------++-------
Melee: Unarmed           |    58 |    38 ||    96
       Punch             |       |     1 ||     1
Throw: Dart              |    29 |       ||    29
       Boomerang         |     7 |    32 ||    39
  Use: Scroll            |       |     8 ||     8
 Stab: Sleeping          |     4 |       ||     4
Armor: Robe              |     2 |     5 ||     7
Dodge: Dodged            |    25 |    18 ||    43

Table legend: (Time is in decaauts)
 A = Elapsed time spent in this place.
 B = Non-inter-level travel time spent in this place.
 C = Inter-level travel time spent in this place.
 D = Time resting spent in this place.
 E = Time spent auto-exploring this place.
 F = Levels seen in this place.
 G = Mean time per level.
                   A        B        C        D        E       F      G
               +--------+--------+--------+--------+--------+-----+--------+
         Total |   3268 |   3145 |    123 |    244 |   2560 |   4 |  817.0 |
       Dungeon |   3268 |   3145 |    123 |    244 |   2560 |   4 |  817.0 |
               +--------+--------+--------+--------+--------+-----+--------+

Top non-repeatable levels by time:
     D:1: 1290 daAuts
     D:3: 1020 daAuts
     D:2: 811 daAuts
     D:4: 146 daAuts
